 Dungeon Crawl Stone Soup version 0.27-a0-1188-g73eefd5def (webtiles) character file.

Game seed: 15930159991815874817

100 pistachioham the Vexing (level 4, 0/34 HPs)
             Began as a Gnoll Arcane Marksman on May 21, 2021.
             Slain by Robin
             ... wielding a +0 short sword
              (2 damage)
             ... on level 3 of the Dungeon.
             The game lasted 00:09:12 (2677 turns).

pistachioham the Vexing (Gnoll Arcane Marksman)     Turns: 2677, Time: 00:09:13

Health: 0/34       AC:  4    Str: 10    XL:     4   Next: 73%
Magic:  8/8        EV: 13    Int: 13    God:
Gold:   108        SH:  0    Dex: 12    Spells: 3/9 levels left

rFire    . . .     SeeInvis +   b - +0 rapier
rCold    . . .     Faith    .   (no shield)
rNeg     . . .     Spirit   .   e - +0 robe
rPois    .         Reflect  .   (no helmet)
rElec    .         Harm     .   n - +0 cloak
rCorr    .         Rampage  .   (no gloves)
Will     .....                  h - +0 pair of boots
Stlth    ++........             (no amulet)
HPRegen  0.11/turn              c - ring of see invisible
MPRegen  0.11/turn              (no ring)

@: mighty
A: fangs 1, strong nose, distributed training
a: no special abilities


You were on level 3 of the Dungeon.
You visited 1 branch of the dungeon, and saw 3 of its levels.

You collected 108 gold pieces.

Inventory:

Hand Weapons
 a - a +0 hand crossbow
 b - a +0 rapier (weapon)
 o - a +0 falchion
 p - a +1 hunting sling of freezing
Missiles
 d - 17 bolts
 g - 27 poisoned darts (quivered)
Armour
 e - a +0 robe (worn)
 h - a +0 pair of boots (worn)
 j - a +0 ring mail
 n - a +0 cloak (worn)
Jewellery
 c - a ring of see invisible (left hand)
Scrolls
 f - a scroll of fog {unknown}
 i - 3 scrolls of immolation {unknown}
 k - a scroll of blinking {unknown}
 q - a scroll of magic mapping {unknown}
Potions
 l - a potion of might
 m - 2 potions of brilliance {unknown}


   Skills:
 + Level 2.8 Fighting
 + Level 1.2 Short Blades
 + Level 1.2 Long Blades
 + Level 1.2 Axes
 + Level 1.2 Maces & Flails
 + Level 1.2 Polearms
 + Level 1.2 Staves
 + Level 1.2 Slings
 + Level 1.2 Bows
 + Level 4.7 Crossbows
 + Level 1.2 Throwing
 + Level 1.2 Armour
 + Level 4.7 Dodging
 + Level 1.2 Stealth
 + Level 1.2 Shields
 + Level 1.2 Unarmed Combat
 + Level 3.0 Spellcasting
 + Level 1.0 Conjurations
 + Level 5.5 Hexes
 + Level 1.0 Summonings
 + Level 1.0 Necromancy
 + Level 1.0 Translocations
 + Level 1.0 Transmutations
 + Level 1.0 Fire Magic
 + Level 1.0 Ice Magic
 + Level 1.0 Air Magic
 + Level 1.0 Earth Magic
 + Level 1.0 Poison Magic
 + Level 1.3 Invocations
 + Level 1.2 Evocations


You had 3 spell levels left.
You knew the following spells:

 Your Spells              Type           Power      Damage    Failure   Level
a - Corona                Hex            17%        N/A       2%          1
b - Slow                  Hex            16%        N/A       3%          2
c - Portal Projectile     Hex/Tloc       20%        N/A       19%         3

Your spell library contained the following spells:

 Spells                   Type           Power      Damage    Failure   Level
 Inner Flame              Hex/Fire       10%        N/A       19%         3
 Cause Fear               Hex            8%         N/A       24%         4
 Leda's Liquefaction      Hex/Erth       5%         N/A       52%         4


Dungeon Overview and Level Annotations

Branches:
Dungeon (3/15)

Altars:

Annotations:
D:3 Robin


Innate Abilities, Weirdness & Mutations

You have very sharp teeth.
Your uncanny sense of smell can sniff out nearby items.
Your experience applies equally to all skills.


Message History

The goblin misses you.
You barely miss the goblin.
The goblin no longer looks unusually strong.
The goblin barely misses you. The goblin hits you with a +0 club.
Robin roars a battlecry!
The goblin goes into a battle-frenzy!
The goblin barely misses you. The goblin hits you with a +0 club.
You puncture the goblin!
You kill the goblin!
The goblin closely misses you.
Robin says, "Kneel, worm!"
Robin throws the goblin at you!
The goblin unwields a +0 hunting sling.
The goblin wields a +0 dagger.
The goblin barely misses you.
Things that are here:
a +0 club; a +0 dagger You miss the goblin.
You bite the goblin.
You kill the goblin!
The goblin hits you but does no damage. Robin throws the goblin at you!
Things that are here:
a +0 dagger; a +0 hunting sling; 21 stones You barely miss the goblin.
The goblin barely misses you. The goblin hits you with a +0 club.
* * * LOW HITPOINT WARNING * * *
You puncture the goblin!
You kill the goblin!
The goblin closely misses you. Robin throws the goblin at you!
You closely miss the goblin. The goblin misses you.
You closely miss the goblin. The goblin misses you. Robin barely misses you.
The goblin closely misses you.
You completely miss the goblin. Robin hits you with a +0 short sword.
* * * LOW HITPOINT WARNING * * *
The goblin hits you with a +0 club.
* * * LOW HITPOINT WARNING * * *
Robin hits you with a +0 short sword.
* * * LOW HITPOINT WARNING * * *
You puncture the goblin!
You kill the goblin!
Robin hits you with a +0 short sword.
You die...

. .. ... .... .....
##########
......#####.<.......
∆#.).g@).########
#.####### .. ##


You could see Robin.

Vanquished Creatures
  Jessica (D:2)
  A gnoll (D:1)
  An adder (D:2)
  2 worms (D:2)
  A dart slug (D:1)
  5 bats
  An endoplasm (D:1)
  A giant cockroach (D:2)
  6 hobgoblins
  3 jackals (D:2)
  A quokka (D:2)
  3 ball pythons
  3 frilled lizards
  10 goblins
  3 kobolds (D:2)
  4 rats
46 creatures vanquished.

Notes
Turn   | Place    | Note
-------+----------+-------------------------------------------
     0 | D:1      | pistachioham the Gnoll Arcane Marksman began the quest for
                  | the Orb.
     0 | D:1      | Reached XP level 1. HP: 17/17 MP: 4/4
   130 | D:1      | Found a faded altar of an unknown god.
   180 | D:1      | Reached XP level 2. HP: 23/23 MP: 5/5
   767 | D:1      | Reached XP level 3. HP: 28/28 MP: 5/7
  1016 | D:2      | Noticed Jessica
  1022 | D:2      | Killed Jessica
  1023 | D:2      | Reached skill level 1 in Invocations
  1026 | D:2      | Reached skill level 1 in Short Blades
  1026 | D:2      | Reached skill level 1 in Long Blades
  1026 | D:2      | Reached skill level 1 in Axes
  1026 | D:2      | Reached skill level 1 in Maces & Flails
  1026 | D:2      | Reached skill level 1 in Polearms
  1026 | D:2      | Reached skill level 1 in Staves
  1026 | D:2      | Reached skill level 1 in Slings
  1026 | D:2      | Reached skill level 1 in Bows
  1026 | D:2      | Reached skill level 1 in Throwing
  1026 | D:2      | Reached skill level 1 in Armour
  1026 | D:2      | Reached skill level 1 in Stealth
  1026 | D:2      | Reached skill level 1 in Shields
  1026 | D:2      | Reached skill level 1 in Unarmed Combat
  1026 | D:2      | Reached skill level 1 in Evocations
  1142 | D:2      | Learned a level 2 spell: Slow
  1146 | D:2      | Learned a level 3 spell: Portal Projectile
  1174 | D:2      | Reached XP level 4. HP: 27/34 MP: 2/8
  2647 | D:3      | Noticed Robin
  2657 | D:3      | Reached skill level 1 in Conjurations
  2657 | D:3      | Reached skill level 1 in Summonings
  2657 | D:3      | Reached skill level 1 in Necromancy
  2657 | D:3      | Reached skill level 1 in Translocations
  2657 | D:3      | Reached skill level 1 in Transmutations
  2657 | D:3      | Reached skill level 1 in Fire Magic
  2657 | D:3      | Reached skill level 1 in Ice Magic
  2657 | D:3      | Reached skill level 1 in Air Magic
  2657 | D:3      | Reached skill level 1 in Earth Magic
  2657 | D:3      | Reached skill level 1 in Poison Magic
  2676 | D:3      | HP: 1/34 [Robin/+0 short sword (4)]
  2677 | D:3      | Slain by Robin

Illustrated notes

Levels and vault maps discovered:
D:1:      evilmike_arrival_fibonacci_small, layout_loops_ring,
          shapermc_ecumenical_altar_starsandcircs, grunt_decor_fettered
D:2:      layout_basic, serial_co_window_serial, co_window_paths_b,
          co_window_paths_b, co_window_cross_1, co_window_corner_a,
          co_window_cross_1, co_window_corner_ca, co_window_unsneaky_path_e,
          co_window_paths_c, hex_tiny, uniq_jessica
D:3:      minmay_recursive_quarters, layout_loops_ring, lemuel_tele_altar,
          minmay_crystal_room, uniq_ijyb, uniq_natasha, uniq_robin

Skill      XL: |  1  2  3  4 |
---------------+-------------+-----
Invocations    | 1 |  1.3
Short Blades   | 1 |  1.2
Long Blades    | 1 |  1.2
Axes           | 1 |  1.2
Maces & Flails | 1 |  1.2
Polearms       | 1 |  1.2
Staves         | 1 |  1.2
Slings         | 1 |  1.2
Bows           | 1 |  1.2
Throwing       | 1 |  1.2
Armour         | 1 |  1.2
Stealth        | 1 |  1.2
Shields        | 1 |  1.2
Unarmed Combat | 1 |  1.2
Evocations     | 1 |  1.2
Spellcasting   | 3 |  3.0
Conjurations   | 1 |  1.0
Summonings     | 1 |  1.0
Necromancy     | 1 |  1.0
Translocations | 1 |  1.0
Transmutations | 1 |  1.0
Fire Magic     | 1 |  1.0
Ice Magic      | 1 |  1.0
Air Magic      | 1 |  1.0
Earth Magic    | 1 |  1.0
Poison Magic   | 1 |  1.0
Fighting       | |  2.8
Crossbows      | |  4.7
Dodging        | |  4.7
Hexes          | |  5.5

Action                   |  1- 3 |  4- 6 || total
-------------------------+-------+-------++-------
Melee: Rapier            |    38 |    96 ||   134
       Bite              |     3 |     7 ||    10
 Fire: Hand crossbow     |    13 |       ||    13
 Cast: Corona            |     7 |     9 ||    16
       Portal Projectile |     1 |       ||     1
  Use: Potion            |       |     1 ||     1
 Stab: Sleeping          |     2 |     1 ||     3
Armor: Robe              |    11 |    19 ||    30
Dodge: Dodged            |    31 |    73 ||   104

Table legend: (Time is in decaauts)
 A = Elapsed time spent in this place.
 B = Non-inter-level travel time spent in this place.
 C = Inter-level travel time spent in this place.
 D = Time resting spent in this place.
 E = Time spent auto-exploring this place.
 F = Levels seen in this place.
 G = Mean time per level.
                   A        B        C        D        E       F      G
               +--------+--------+--------+--------+--------+-----+--------+
         Total |   2697 |   2623 |     74 |    339 |   1646 |   3 |  899.0 |
       Dungeon |   2697 |   2623 |     74 |    339 |   1646 |   3 |  899.0 |
               +--------+--------+--------+--------+--------+-----+--------+

Top non-repeatable levels by time:
     D:2: 1639 daAuts
     D:1: 1021 daAuts
     D:3: 35 daAuts
